SNL (28 & UNDER)
MONTGOMERY BISCUITS @ BEAUMONT ROUGHNECKS
09/07/2029
 
TOP OF THE 1ST
Montgomery Biscuits batting - Pitching for Beaumont Roughnecks : RHP Carlos Sánchez
Pitching: RHP Carlos Sánchez
Batting: RHB Frederick Curtis 0-0: Ball
1-0: Ball
2-0: Foul Ball, location: 2F
2-1: Ball
3-1: Called Strike
3-2: Foul Ball, location: 2F
3-2: Ground out 5-3 (Groundball, 56S)
Batting: RHB Reinaldo Amarante 0-0: Ball
1-0: Swinging Strike
1-1: Foul Ball, location: 2F
1-2: Strikes out looking
Batting: SHB Randy Anderson 0-0: Ball
1-0: Foul Ball, location: 2F
1-1: Ground out 4-3 (Groundball, 4)
Top of the 1st over - 0 runs, 0 hits, 0 errors, 0 left on base; Montgomery 0 - Beaumont 0
BOTTOM OF THE 1ST
Beaumont Roughnecks batting - Pitching for Montgomery Biscuits : RHP Keith Fitzgerald
Pitching: RHP Keith Fitzgerald
Batting: RHB António Aguilar 0-0: Ball
1-0: Swinging Strike
1-1: Swinging Strike
1-2: Strikes out swinging
Batting: RHB Jeff Mason 0-0: Hit by Pitch
Batting: LHB Roberto Félix 0-0: SINGLE (Groundball, 4MD)
Jeff Mason to second
Runner from 2nd tries for 3rd, SAFE after rundown.
Batting: RHB Roger Rush 0-0: Foul Ball, location: 2F
0-1: Called Strike
Roberto Félix steals 2nd base
0-2: Strikes out swinging
Batting: RHB Marvin Johnson 0-0: Called Strike
0-1: Foul Ball, location: 2F
0-2: Ball
1-2: Foul Ball, location: 2F
1-2: Strikes out swinging
Bottom of the 1st over - 0 runs, 1 hit, 0 errors, 2 left on base; Montgomery 0 - Beaumont 0
TOP OF THE 2ND
Montgomery Biscuits batting - Pitching for Beaumont Roughnecks : RHP Carlos Sánchez
Batting: RHB Lorenzo Tamayo 0-0: SINGLE (Line Drive, 78S)
Batting: SHB Marvin López 0-0: Called Strike
0-1: Ball
1-1: Foul Ball, location: 2F
1-2: Ball
2-2: SINGLE (Line Drive, 78M)
Lorenzo Tamayo to second
Batting: SHB Kenneth Cruz 0-0: Ball
1-0: 3-RUN HOME RUN (Flyball, 89XD), Distance : 399 ft
Batting: SHB Pancho Ruíz 0-0: Foul Ball, location: 2F
0-1: Foul Ball, location: 2F
0-2: Strikes out swinging
Batting: SHB Lawrence Farley 0-0: Ground out U3 (Groundball, 34)
Batting: SHB Joe Pierce 0-0: Ball
1-0: Ball
2-0: Called Strike
2-1: SINGLE (Groundball, 34D)
Batting: RHB Frederick Curtis 0-0: Ball
1-0: Foul Ball, location: 2F
1-1: SINGLE (Groundball, 56S) (infield hit)
Joe Pierce to second
Batting: RHB Reinaldo Amarante 0-0: Called Strike
0-1: SINGLE (Groundball, 4D)
Joe Pierce to third
Frederick Curtis to second
Runner from 3rd tries for Home, SAFE, no throw
Batting: SHB Randy Anderson 0-0: Called Strike
0-1: Called Strike
0-2: Strikes out looking
Top of the 2nd over - 4 runs, 6 hits, 0 errors, 2 left on base; Montgomery 4 - Beaumont 0
BOTTOM OF THE 2ND
Beaumont Roughnecks batting - Pitching for Montgomery Biscuits : RHP Keith Fitzgerald
Batting: RHB Javier Álvarez 0-0: Ball
1-0: Foul Ball, location: 2F
1-1: Foul Ball, location: 2F
1-2: SINGLE (Flyball, 78S)
Batting: RHB Andrew O'Dell 0-0: Ball
1-0: Ball
2-0: Grounds into double play, 1-4-3 (Groundball, 15)
Batting: SHB Walton Locke 0-0: Ball
1-0: SINGLE (Groundball, 6MD)
Batting: SHB Jeffery Ivey 0-0: Ball
1-0: Foul Ball, location: 2F
1-1: Fly out, F6 (Popup, 6M)
Bottom of the 2nd over - 0 runs, 2 hits, 0 errors, 1 left on base; Montgomery 4 - Beaumont 0
TOP OF THE 3RD
Montgomery Biscuits batting - Pitching for Beaumont Roughnecks : RHP Carlos Sánchez
Batting: RHB Lorenzo Tamayo 0-0: Ball
1-0: Foul Ball, location: 2F
1-1: Ball
2-1: Foul Ball, location: 2F
2-2: Ball
3-2: Base on Balls
Batting: SHB Marvin López 0-0: Ball
1-0: Foul Ball, location: 2F
1-1: Foul Ball, location: 2F
1-2: Ball
2-2: Ball
3-2: Grounds into double play, 6-4-3 (Groundball, 6)
Batting: SHB Kenneth Cruz 0-0: Ball
1-0: Foul Ball, location: 2F
1-1: Swinging Strike
1-2: Ground out 5-3 (Groundball, 5)
Top of the 3rd over - 0 runs, 0 hits, 0 errors, 0 left on base; Montgomery 4 - Beaumont 0
BOTTOM OF THE 3RD
Beaumont Roughnecks batting - Pitching for Montgomery Biscuits : RHP Keith Fitzgerald
Batting: RHB António Aguilar 0-0: Ball
1-0: Ball
2-0: Ball
3-0: Called Strike
3-1: Called Strike
3-2: Ground out 5-3 (Groundball, 56S)
Batting: RHB Jeff Mason 0-0: Called Strike
0-1: Ball
1-1: Swinging Strike
1-2: Ball
2-2: Ball
3-2: Strikes out looking
Batting: LHB Roberto Félix 0-0: Ball
1-0: SINGLE (Line Drive, 6MD)
Batting: RHB Roger Rush 0-0: Ball
1-0: Ball
2-0: Called Strike
2-1: Foul Ball, location: 2F
2-2: Foul Ball, location: 2F
2-2: Ball
3-2: 2-RUN HOME RUN (Flyball, 7LD), Distance : 372 ft
Batting: RHB Marvin Johnson 0-0: Ball
1-0: Swinging Strike
1-1: Foul Ball, location: 2F
1-2: Strikes out swinging
Bottom of the 3rd over - 2 runs, 2 hits, 0 errors, 0 left on base; Montgomery 4 - Beaumont 2
TOP OF THE 4TH
Montgomery Biscuits batting - Pitching for Beaumont Roughnecks : RHP Carlos Sánchez
Batting: SHB Pancho Ruíz 0-0: Ball
1-0: Fly out, F9 (Flyball, 9LSF)
Batting: SHB Lawrence Farley 0-0: Called Strike
0-1: Ball
1-1: Ground out 4-3 (Groundball, 4)
Batting: SHB Joe Pierce 0-0: Called Strike
0-1: Swinging Strike
0-2: Foul Ball, location: 2F
0-2: Foul Ball, location: 2F
0-2: Strikes out looking
Top of the 4th over - 0 runs, 0 hits, 0 errors, 0 left on base; Montgomery 4 - Beaumont 2
BOTTOM OF THE 4TH
Beaumont Roughnecks batting - Pitching for Montgomery Biscuits : RHP Keith Fitzgerald
Batting: RHB Javier Álvarez 0-0: Ball
1-0: Swinging Strike
1-1: Fly out, F8 (Flyball, 8RM)
Batting: RHB Andrew O'Dell 0-0: Called Strike
0-1: Called Strike
0-2: Strikes out swinging
Batting: SHB Walton Locke 0-0: Ground out 3-1 (Groundball, 34)
Bottom of the 4th over - 0 runs, 0 hits, 0 errors, 0 left on base; Montgomery 4 - Beaumont 2
TOP OF THE 5TH
Montgomery Biscuits batting - Pitching for Beaumont Roughnecks : RHP Carlos Sánchez
Batting: RHB Frederick Curtis 0-0: Ball
1-0: Ball
2-0: Ball
3-0: Called Strike
3-1: Base on Balls
Batting: RHB Reinaldo Amarante 0-0: SINGLE (Groundball, 34S) (infield hit)
Frederick Curtis to second
Batting: SHB Randy Anderson 0-0: Called Strike
Throwing error on steal attempt, E2
Frederick Curtis scores
Reinaldo Amarante to third
0-1: Foul Ball, location: 2F
0-2: Ball
1-2: Strikes out looking
Batting: RHB Lorenzo Tamayo 0-0: Ball
1-0: Foul Ball, location: 2F
1-1: Ball
2-1: Swinging Strike
2-2: Ball
3-2: Strikes out looking
Pitching: RHP Fernando Guzmán
Batting: SHB Marvin López 0-0: Called Strike
0-1: Ball
1-1: Foul Ball, location: 2F
1-2: Strikes out swinging
Top of the 5th over - 1 run, 1 hit, 1 error, 1 left on base; Montgomery 5 - Beaumont 2
BOTTOM OF THE 5TH
Beaumont Roughnecks batting - Pitching for Montgomery Biscuits : RHP Keith Fitzgerald
Batting: SHB Jeffery Ivey 0-0: Ball
1-0: SINGLE (Line Drive, 7LM)
Batting: RHB António Aguilar 0-0: Called Strike
0-1: Ball
1-1: Ball
Jeffery Ivey steals 2nd base
2-1: Foul Ball, location: 2F
2-2: Ball
3-2: Foul Ball, location: 2F
3-2: Foul Ball, location: 2F
3-2: Base on Balls
Batting: RHB Jeff Mason 0-0: Foul Ball, location: 2F
0-1: Foul Ball, location: 2F
0-2: Ball
1-2: Foul Ball, location: 2F
1-2: Fielders Choice at 2nd, 4-6 (Groundball, 4)
Jeffery Ivey to third
Batting: LHB Roberto Félix 0-0: Ball
1-0: Called Strike
1-1: Foul Ball, location: 2F
1-2: Strikes out looking
Batting: RHB Roger Rush 0-0: Ball
1-0: Called Strike
1-1: Called Strike
1-2: DOUBLE (Line Drive, 7LM)
Jeffery Ivey scores
Jeff Mason to third
Runner from 3rd tries for Home, SAFE, no throw
Batting: RHB Marvin Johnson 0-0: Ball
1-0: Ball
2-0: Foul Ball, location: 2F
2-1: Called Strike
2-2: Foul Ball, location: 2F
2-2: Ground out 5-3 (Groundball, 56)
Bottom of the 5th over - 2 runs, 2 hits, 0 errors, 1 left on base; Montgomery 5 - Beaumont 4
TOP OF THE 6TH
Montgomery Biscuits batting - Pitching for Beaumont Roughnecks : RHP Fernando Guzmán
Batting: SHB Kenneth Cruz 0-0: Called Strike
0-1: Fly out, F5 (Line Drive, 56)
Batting: SHB Pancho Ruíz 0-0: Ball
1-0: Swinging Strike
1-1: Foul Ball, location: 2F
1-2: Strikes out swinging
Batting: SHB Lawrence Farley 0-0: Called Strike
0-1: Foul Ball, location: 2F
0-2: Foul Ball, location: 2F
0-2: Fly out, F9 (Flyball, 89D)
Top of the 6th over - 0 runs, 0 hits, 0 errors, 0 left on base; Montgomery 5 - Beaumont 4
BOTTOM OF THE 6TH
Beaumont Roughnecks batting - Pitching for Montgomery Biscuits : RHP Keith Fitzgerald
Batting: RHB Javier Álvarez 0-0: Fly out, F4 (Popup, 34)
Batting: RHB Andrew O'Dell 0-0: Ball
1-0: Called Strike
1-1: Ball
2-1: Ball
3-1: Called Strike
3-2: Base on Balls
Batting: SHB Walton Locke 0-0: Ball
1-0: Ball
2-0: Foul Ball, location: 2F
2-1: Ball
3-1: Base on Balls
Andrew O'Dell to second
Pitching: RHP Enrique Boyd
Batting: SHB Jeffery Ivey 0-0: Ball
1-0: Ball
2-0: Called Strike
2-1: Foul Ball, location: 2F
2-2: Strikes out looking
Batting: RHB António Aguilar 0-0: Fly out, F9 (Flyball, 9LS)
Bottom of the 6th over - 0 runs, 0 hits, 0 errors, 2 left on base; Montgomery 5 - Beaumont 4
TOP OF THE 7TH
Montgomery Biscuits batting - Pitching for Beaumont Roughnecks : RHP Fernando Guzmán
Batting: SHB Joe Pierce 0-0: Swinging Strike
0-1: Ball
1-1: Ground out 6-3 (Groundball, 6)
Batting: RHB Frederick Curtis 0-0: Called Strike
0-1: Called Strike
0-2: Ball
1-2: Strikes out swinging
Batting: RHB Reinaldo Amarante 0-0: Ball
1-0: Swinging Strike
1-1: Foul Ball, location: 2F
1-2: Strikes out swinging
Top of the 7th over - 0 runs, 0 hits, 0 errors, 0 left on base; Montgomery 5 - Beaumont 4
BOTTOM OF THE 7TH
Beaumont Roughnecks batting - Pitching for Montgomery Biscuits : RHP Enrique Boyd
Now in CF: Hoyt Norris
Batting: RHB Jeff Mason 0-0: Called Strike
0-1: Ball
1-1: Ball
2-1: Called Strike
2-2: Foul Ball, location: 2F
2-2: Fly out, F8 (Flyball, 8RM)
Batting: LHB Roberto Félix 0-0: Fly out, F9 (Line Drive, 9D)
Batting: RHB Roger Rush 0-0: Ball
1-0: Ball
2-0: Swinging Strike
2-1: Called Strike
2-2: Ground out 4-3 (Groundball, 4)
Bottom of the 7th over - 0 runs, 0 hits, 0 errors, 0 left on base; Montgomery 5 - Beaumont 4
TOP OF THE 8TH
Montgomery Biscuits batting - Pitching for Beaumont Roughnecks : RHP Fernando Guzmán
Batting: SHB Randy Anderson 0-0: Called Strike
0-1: Called Strike
0-2: Foul Ball, location: 2F
0-2: Ball
1-2: Ball
2-2: Ball
3-2: Strikes out swinging
Batting: RHB Lorenzo Tamayo 0-0: Ball
1-0: Called Strike
1-1: Ball
2-1: Swinging Strike
2-2: Strikes out swinging
Batting: SHB Marvin López 0-0: Called Strike
0-1: Swinging Strike
0-2: Ball
1-2: Ball
2-2: Strikes out looking
Top of the 8th over - 0 runs, 0 hits, 0 errors, 0 left on base; Montgomery 5 - Beaumont 4
BOTTOM OF THE 8TH
Beaumont Roughnecks batting - Pitching for Montgomery Biscuits : RHP Enrique Boyd
Now at C: Wilson Bray
Batting: RHB Marvin Johnson 0-0: Ground out 4-3 (Groundball, 4)
Batting: RHB Javier Álvarez 0-0: Hit by Pitch
Batting: RHB Andrew O'Dell 0-0: Ball
1-0: Swinging Strike
1-1: Foul Ball, location: 2F
1-2: Foul Ball, location: 2F
1-2: Strikes out swinging
Pitching: LHP Wilson Romero
Batting: SHB Walton Locke 0-0: Called Strike
0-1: SINGLE (Flyball, 9S)
Javier Álvarez to second
Batting: SHB Jeffery Ivey 0-0: Swinging Strike
0-1: Ball
1-1: Swinging Strike
1-2: Strikes out swinging
Bottom of the 8th over - 0 runs, 1 hit, 0 errors, 2 left on base; Montgomery 5 - Beaumont 4
TOP OF THE 9TH
Montgomery Biscuits batting - Pitching for Beaumont Roughnecks : RHP Fernando Guzmán
Batting: SHB Kenneth Cruz 0-0: Fly out, F5 (Popup, 15)
Batting: SHB Pancho Ruíz 0-0: Ball
1-0: Swinging Strike
1-1: Ball
2-1: Swinging Strike
2-2: Ball
3-2: Strikes out looking
Batting: SHB Lawrence Farley 0-0: Ground out 4-3 (Groundball, 4)
Top of the 9th over - 0 runs, 0 hits, 0 errors, 0 left on base; Montgomery 5 - Beaumont 4
BOTTOM OF THE 9TH
Beaumont Roughnecks batting - Pitching for Montgomery Biscuits : LHP Wilson Romero
Pitching: RHP Clancy Steele
Batting: RHB António Aguilar 0-0: Ball
1-0: SINGLE (Flyball, 9S)
Batting: RHB Jeff Mason 0-0: Ball
1-0: Called Strike
1-1: Foul Ball, location: 2F
1-2: Strikes out swinging
Batting: LHB Roberto Félix 0-0: Ball
1-0: Ball
2-0: Reached on error, E6 (Groundball, 6)
António Aguilar to second
Batting: RHB Roger Rush 0-0: Swinging Strike
0-1: Foul Ball, location: 2F
0-2: Ball
1-2: Foul Ball, location: 2F
1-2: Foul Ball, location: 2F
1-2: Strikes out swinging
Batting: RHB Marvin Johnson 0-0: Ball
1-0: Ball
2-0: Foul Ball, location: 2F
2-1: Foul Ball, location: 2F
2-2: Strikes out swinging
Bottom of the 9th over - 0 runs, 1 hit, 1 error, 2 left on base; Montgomery 5 - Beaumont 4
Saturday, December 16th, 2017 - OOTP Baseball 18.8 Build 76